 Dungeon Crawl Stone Soup version 0.20.1-1-g8b1a95d (webtiles) character file.

1289 MovingMist the Ducker (level 8, -7/63 HPs)
             Began as a Demonspawn Gladiator on Nov 19, 2017.
             Killed from afar by Pad's ghost (22 damage)
             ... with an orb of energy
             ... on level 5 of the Dungeon.
             The game lasted 00:13:46 (4389 turns).

MovingMist the Ducker (Demonspawn Gladiator)        Turns: 4389, Time: 00:13:47

Health: -7/63      AC:  9    Str: 17    XL:     8   Next: 30%
Magic:  0/17       EV: 12    Int:  9    God:
Gold:   285        SH:  0    Dex: 15    Spells: 7/7 levels left

rFire    . . .     SeeInvis .   o - +2 hand axe (venom)
rCold    . . .     Gourm    .   (no shield)
rNeg     . . .     Faith    .   B - +0 chain mail (curse)
rPois    .         Spirit   +   c - +0 helmet
rElec    .         Reflect  .   (no cloak)
rCorr    .         Harm     .   (no gloves)
MR       .....                  (no boots)
Stlth    ..........             (no amulet)
Regen    0.2/turn               m - ring of magical power
MPRegen  0.2/turn               (no ring)

@: no status effects
A: claws 1, magic shield, sturdy frame 2
a: no special abilities


You were on level 5 of the Dungeon.
You were not hungry.

You visited 2 branches of the dungeon, and saw 6 of its levels.
You also visited: Sewer.

You collected 285 gold pieces.

Inventory:

Hand Weapons
 a - a +0 long sword
 o - a +2 hand axe of venom (weapon)
Missiles
 d - 3 throwing nets (quivered)
Armour
 c - a +0 helmet (worn)
 B - a cursed +0 chain mail (worn)
Jewellery
 m - a ring of magical power (left claw)
 y - an uncursed ring of wizardry
Scrolls
 i - 2 scrolls of blinking {unknown}
 j - 4 scrolls of identify {unknown}
 l - 2 scrolls of amnesia {unknown}
 n - 6 scrolls of magic mapping {unknown}
 q - 3 scrolls of teleportation {unknown}
 s - 2 scrolls of recharging {unknown}
 t - 2 scrolls of fear {unknown}
 x - 3 scrolls of remove curse {unknown}
Potions
 e - a potion of resistance {unknown}
 g - 2 potions of brilliance
 h - 2 potions of might
 k - a potion of mutation {unknown}
 p - a potion of heal wounds
 v - a potion of lignification {unknown}
 w - a potion of berserk rage {unknown}
 z - a potion of cancellation {unknown}
 A - 2 potions of curing {unknown}
 D - a potion of degeneration {unknown}
Comestibles
 b - 3 meat rations
 f - 2 bread rations
 r - 3 fruits
 u - a royal jelly
 C - 7 chunks of flesh


   Skills:
 + Level 5.5 Fighting
 + Level 5.4 Long Blades
 - Level 1.7 Throwing
 * Level 6.9 Dodging


You had 7 spell levels left.
You didn't know any spells.

Dungeon Overview and Level Annotations

Branches:
Dungeon (5/15)             Temple (1/1) D:5

Altars:
Ashenzari
Cheibriados
Dithmenos
Elyvilon
Fedhas
Gozag
Nemelex Xobeh
Trog
Uskayaw
Vehumet
Xom

Annotations:
D:5 Pad's ghost, novice DECj


Innate Abilities, Weirdness & Mutations

You have sharp fingernails.
When hurt, damage is shared between your health and your magic reserves.
Your movements are less encumbered by armour. (ER -4)


Message History

Dowan casts a spell.
Dowan blinks!
A giant cockroach comes into view.
You hit the giant cockroach.
The giant cockroach is poisoned.
The giant cockroach is severely wounded.
You kill Dowan!
You kill the giant cockroach!
You now have 285 gold pieces (gained 13).
Things that are here:
a short sword of holy wrath; a scale mail; the elf corpse of Duvessa You butcher the elf corpse of Duvessa.
C - 7 chunks of flesh (gained 2)
Things that are here:
a short sword of holy wrath; a scale mail Pad's ghost (novice Deep Elf Conjurer) comes into view.
Pad's ghost turns its malevolent gaze towards you.
Pad's ghost casts a spell at you. The orb of energy misses you.
Pad's ghost points at you and mumbles some strange words.
The orb of energy hits you!
You die...

##.#.....
#.###... #.#
.## #.# #
#$####.###.#
#.......)..#
#####.######
#.W.....#
....###@#.#
.. #)#.# #.#
# #.# ..#
###


You could see Pad's ghost.

Vanquished Creatures
  Grinder (D:4)
  Eustachio (D:5)
  Duvessa (D:5)
  A water moccasin (D:4)
  A phantom (D:4)
  2 ogres (D:4)
  Dowan (D:5)
  2 howler monkeys (D:5)
  A hound (D:4)
  An orc priest (D:4)
  A worker ant (D:4)
  Robin (D:3)
  10 adders
  4 oozes
  A worm (D:2)
  3 dart slugs
  2 leopard geckos
  4 orcs
  5 ball pythons
  8 bats
  22 giant cockroaches
  17 goblins
  9 hobgoblins
  6 jackals (Sewer)
  17 kobolds
  3 quokkas (D:2)
  6 frilled lizards
  A leopard gecko skeleton (D:4)
  4 rats
  14 plants (Sewer)
150 creatures vanquished.

Vanquished Creatures (others)
  A shadow imp (D:5)
1 creature vanquished.

Grand Total: 151 creatures vanquished

Notes
Turn   | Place    | Note
-------+----------+-------------------------------------------
     0 | D:1      | MovingMist the Demonspawn Gladiator began the quest for the Orb.
     0 | D:1      | Reached XP level 1. HP: 16/16 MP: 1/1
    82 | D:1      | Gained mutation: Your movements are slightly less encumbered by armour. (ER -2) [demonic ancestry]
    82 | D:1      | Reached XP level 2. HP: 23/23 MP: 2/2
   282 | D:1      | Reached skill level 3 in Dodging
   878 | D:2      | Gained mutation: When hurt, damage is shared between your health and your magic reserves. [demonic ancestry]
   878 | D:2      | Reached XP level 3. HP: 26/28 MP: 3/3
  1052 | D:2      | Gained mutation: You have sharp fingernails. [demonic ancestry]
  1052 | D:2      | Reached XP level 4. HP: 21/35 MP: 4/4
  1734 | D:3      | Found a glowing drain.
  1761 | Sewer    | Entered a sewer
  2416 | Sewer    | Reached XP level 5. HP: 41/41 MP: 5/5
  2633 | D:3      | Noticed Robin
  2644 | D:3      | Killed Robin
  2700 | D:3      | Reached skill level 4 in Dodging
  3197 | D:4      | Noticed a phantom
  3264 | D:4      | Killed a phantom
  3264 | D:4      | Reached XP level 6. HP: 41/48 MP: 6/6
  3322 | D:4      | Reached skill level 5 in Dodging
  3686 | D:4      | Noticed a water moccasin
  3697 | D:4      | Killed a water moccasin
  3697 | D:4      | Reached XP level 7. HP: 16/55 MP: 7/7
  3918 | D:4      | Noticed Grinder
  3926 | D:4      | Paralysed by Grinder for 3 turns
  3936 | D:4      | Paralysed by Grinder for 5 turns
  3954 | D:4      | Killed Grinder
  3995 | D:4      | Reached skill level 6 in Dodging
  4028 | D:4      | Reached skill level 5 in Fighting
  4227 | D:5      | Entered Level 5 of the Dungeon
  4227 | D:5      | Found a staircase to the Ecumenical Temple.
  4239 | D:5      | Reached skill level 5 in Long Blades
  4254 | Temple   | Entered the Ecumenical Temple
  4288 | D:5      | Found a bloodstained altar of Trog.
  4292 | D:5      | Noticed Eustachio
  4313 | D:5      | Killed Eustachio
  4313 | D:5      | Gained mutation: Your movements are less encumbered by armour. (ER -4) [demonic ancestry]
  4313 | D:5      | Reached XP level 8. HP: 48/62 MP: 8/8
  4357 | D:5      | Noticed Dowan
  4359 | D:5      | Noticed Duvessa
  4375 | D:5      | Killed Duvessa
  4379 | D:5      | Killed Dowan
  4387 | D:5      | Noticed Pad's ghost (novice DECj)
  4389 | D:5      | Killed from afar by Pad's ghost

Skill      XL: |  1  2  3  4  5  6  7 |
---------------+----------------------+-----
Dodging        | 3 4 5 6 |  6.9
Long Blades    | 3 4 5 |  5.4
Fighting       | 3 4 5 |  5.5
Throwing       | |  1.7

Action                   |  1- 3 |  4- 6 |  7- 9 || total
-------------------------+-------+-------+-------++-------
Melee: Long sword        |    28 |       |       ||    28
       Hand axe          |    38 |   367 |    66 ||   471
  Use: Potion            |       |       |     4 ||     4
 Stab: Sleeping          |     2 |     1 |       ||     3
  Eat: Chunk             |       |    10 |     3 ||    13
Armor: Leather armour    |    19 |    26 |       ||    45
       Chain mail        |       |    99 |    26 ||   125
Dodge: Dodged            |    61 |   170 |    45 ||   276
       Rpst.: Long sword |    12 |       |       ||    12
